 Dungeon Crawl Stone Soup version 0.31-a0-167-g1c394c0614 (webtiles) character file.

Game seed: 8501785403210544039

51 qw the Shooter (level 3, -1/32 HPs)
             Began as a Naga Hunter on June 14, 2023.
             Slain by a gnoll
             ... wielding a +0 spear
              (4 damage)
             ... on level 2 of the Dungeon.
             The game lasted 00:00:23 (905 turns).

qw the Shooter (Naga Hunter)                         Turns: 905, Time: 00:00:23

Health: -1/32      AC:  2    Str: 13    XL:     3   Next: 81%
Magic:  3/3        EV:  9    Int:  9    God:
Gold:   124        SH:  0    Dex: 16    Spells: 2/2 levels left

rFire   . . .        Y - +3 shortbow
rCold   . . .        (shield currently unavailable)
rNeg    . . .        c - +0 leather armour
rPois   +            (no helmet)
rElec   .            (no cloak)
rCorr   .            (no gloves)
SInv    +            (no barding)
Will    .....        (no amulet)
Stlth   ++           (no ring)
HPRegen 0.25/turn    (no ring)
MPRegen 0.08/turn

%: no passive effects
@: short of breath, very slow
A: AC +1, large, see invisible, deformed body, poison resistance, slowness 2,
spit poison 1, naga tail 1
a: Spit Poison


You were on level 2 of the Dungeon.
You visited 1 branch of the dungeon, and saw 2 of its levels.

You collected 124 gold pieces.


Innate Abilities, Weirdness & Mutations

Your serpentine skin is tough. (AC +1)
You have supernaturally acute eyesight. (SInv)
Armour fits poorly on your strangely shaped body.
Your system is resistant to poisons. (rPois)
You cover ground very slowly.
You can spit poison.
You have a snake-like lower body.


   Skills:
 - Level 2.0 Fighting
 + Level 4.9 Ranged Weapons
 - Level 1.5 Dodging
 - Level 1.5 Stealth


You had 2 spell levels left.
You didn't know any spells.
Your spell library was empty.

Inventory:

Hand Weapons
 Y - a +3 shortbow (weapon)
Armour
 c - a +0 leather armour (worn)
Jewellery
 d - the ring of Dim Light {Fire Dex+6}
   (You found it on level 2 of the Dungeon)

   [ring of fire]

   It enhances your fire magic.
   Dex:       It affects your dexterity (+6).
   rF:        It protects you from fire.
   rC:        It makes you vulnerable to cold.
 i - a ring of fire
Scrolls
 a - a scroll of identify
Potions
 b - a potion of heal wounds {unknown}
 f - a potion of might
 g - a potion of resistance {unknown}
 h - a potion of haste
 j - a potion of attraction {unknown}
 m - a potion of curing {unknown}

Dungeon Overview and Level Annotations

Branches:
Dungeon (2/15)

Altars:


Message History

You open the door.
There is an open door here.
You open the door.
Found 5 stones.
Enter note:
Enter note:
There is an open door here.
You now have 124 gold pieces (gained 8).
You open the door. 4 gnolls come into view.
The gnoll shouts!
Found an amethyst potion.
Enter note:
Enter note:
901 ||| INVOKING Spit Poison.
Aiming: Spit Poison (2% risk of failure)
Press: ? - help, Shift-Dir - straight line, f - gnoll The splash of poison hits the gnoll.
The gnoll is poisoned.
The gnoll is moderately wounded.
You shoot an arrow. The arrow hits the gnoll!
The gnoll is almost dead.
You kill the gnoll!
The gnoll hits you from afar with a +0 spear!
The gnoll hits you from afar with a +0 spear.
You shoot an arrow. The arrow hits the gnoll.
The gnoll is lightly wounded.
The gnoll hits you with a +0 flail! The gnoll completely misses you.
You shoot an arrow. The arrow hits the gnoll!
The gnoll is almost dead.
You have got your breath back.
The gnoll completely misses you. The gnoll hits you with a +0 whip.
The gnoll hits you from afar with a +0 spear.
905 ||| INVOKING Spit Poison.
Aiming: Spit Poison (2% risk of failure)
Press: ? - help, Shift-Dir - straight line, f/p - gnoll The splash of poison hits the gnoll.
The gnoll is poisoned.
You kill the gnoll!
The gnoll hits you with a +0 whip.
The gnoll hits you from afar with a +0 spear.
You die...

#''...8...#+##.#
##.##.....##.##.#######
##...##...##...##......#
#..}.%##'##.....'.####.#
##...##...##...#### #.#
##.##.....##.##..# #.#
+'#......(+'#.#.####.#
##.##.....##.###......#
##...##)@.##...##..#####
#..}..##g##.....'.##
##...##..g##...####
##.##.....##.###
#'+...8...#'#.#####
##.##.....##.......#
##...##..!#########.#
#..}..##+## ### #.#
##...##...# #.# #.#


You could see 2 gnolls.

Vanquished Creatures
  2 gnolls (D:2)
  An adder (D:2)
  2 dart slugs (D:1)
  A ball python (D:2)
  2 endoplasms
  2 giant cockroaches (D:1)
  4 hobgoblins
  A quokka (D:1)
  3 bats
  A frilled lizard (D:1)
  4 goblins
  4 kobolds
  A rat (D:2)
28 creatures vanquished.

Notes
Turn   | Place    | Note
-------+----------+-------------------------------------------
     0 | D:1      | qw the Naga Hunter began the quest for the Orb.
     0 | D:1      | Reached XP level 1. HP: 19/19 MP: 1/1
     0 | D:1      | 0 ||| qw: Version: 0.2-a-29-g1fa15c8
     0 | D:1      | 0 ||| qw: Game counter: 4892
     0 | D:1      | 0 ||| qw: Always use a shield: true
     0 | D:1      | 0 ||| qw: God list: Okawaru
     0 | D:1      | 0 ||| qw: Allow faded altars: false
     0 | D:1      | 0 ||| qw: Do Orc after D:15 true
     0 | D:1      | 0 ||| qw: Do second Lair branch before Depths: true
     0 | D:1      | 0 ||| qw: Lair rune preference: random
     0 | D:1      | 0 ||| qw: Plans: Normal
     0 | D:1      | 0 ||| PLANNING D:1-11
     7 | D:1      | 7 ||| INVOKING Spit Poison.
    16 | D:1      | 16 ||| INVOKING Spit Poison.
    21 | D:1      | 21 ||| INVOKING Spit Poison.
    55 | D:1      | 55 ||| INVOKING Spit Poison.
    63 | D:1      | 63 ||| INVOKING Spit Poison.
    66 | D:1      | Reached skill level 4 in Ranged Weapons
    66 | D:1      | Reached XP level 2. HP: 26/26 MP: 2/2
    80 | D:1      | 80 ||| INVOKING Spit Poison.
    90 | D:1      | 90 ||| INVOKING Spit Poison.
   132 | D:1      | Found a faded altar of an unknown god.
   152 | D:1      | 152 ||| INVOKING Spit Poison.
   207 | D:1      | 207 ||| INVOKING Spit Poison.
   216 | D:1      | 216 ||| INVOKING Spit Poison.
   338 | D:1      | 338 ||| INVOKING Spit Poison.
   435 | D:1      | 435 ||| INVOKING Spit Poison.
   436 | D:1      | Reached XP level 3. HP: 32/32 MP: 3/3
   563 | D:1      | 563 ||| READING 3 scrolls labelled FUTHYS KICWY.
   564 | D:1      | 564 ||| READING 2 scrolls of enchant weapon.
   564 | D:1      | 564 ||| ENCHANTING +1 shortbow.
   565 | D:1      | 565 ||| READING scroll of enchant weapon.
   565 | D:1      | 565 ||| ENCHANTING +2 shortbow.
   566 | D:1      | 566 ||| READING scroll labelled ZYITUB JUCE.
   567 | D:1      | 567 ||| READING scroll labelled JANGAI BAHEVVI.
   568 | D:1      | 568 ||| READING scroll labelled IKLEPRUMP.
   569 | D:1      | 569 ||| READING scroll labelled VICEOSM QOOJEM.
   570 | D:1      | 570 ||| DRINKING 2 fizzy silvery potions.
   571 | D:1      | 571 ||| DRINKING 2 murky golden potions.
   572 | D:1      | 572 ||| DROPPING scroll of butterflies.
   727 | D:2      | 727 ||| INVOKING Spit Poison.
   739 | D:2      | 739 ||| INVOKING Spit Poison.
   840 | D:2      | Identified the ring of Dim Light {Fire Dex+6}
   844 | D:2      | 844 ||| INVOKING Spit Poison.
   862 | D:2      | 862 ||| INVOKING Spit Poison.
   870 | D:2      | 870 ||| INVOKING Spit Poison.
   901 | D:2      | 901 ||| INVOKING Spit Poison.
   904 | D:2      | HP: 6/32 [gnoll/+0 spear (6)]
   905 | D:2      | 905 ||| INVOKING Spit Poison.
   905 | D:2      | Slain by a gnoll

Levels and vault maps discovered:
D:1:      erik_arrival_blinker_ship, layout_basic,
          dilly_ecumenical_altar_fadedgnrine, st_stairs_10, minivault_5
D:2:      layout_basic, nicolae_hexahallways

Skill      XL: |  1 |
---------------+----+-----
Ranged Weapons | 4 |  4.9
Fighting       | |  2.0
Dodging        | |  1.5
Stealth        | |  1.5

Action                     || total
---------------------------++-------
   Fire: Shortbow          ||    53
Ability: Spit Poison       ||    19
    Use: Scroll            ||     7
         Potion            ||     2
 Armour: Leather armour    ||     1
  Dodge: Dodged            ||     8

Table legend:
 A = Non-vault XP
 B = Vault XP
 C = Vault XP percentage of total XP
 D = Non-vault monster count
 E = Vault monster count
 F = Vault count percentage of total count
                 A         B        C        D         E       F
            +---------+---------+-------+---------+---------+-------
      Total |      84 |       4 |   4.5 |      26 |       2 |   7.1
            +---------+---------+-------+---------+---------+-------
        D:1 |      30 |       4 |  11.8 |      16 |       2 |  11.1
        D:2 |      54 |       0 |   0.0 |      10 |       0 |   0.0
            +---------+---------+-------+---------+---------+-------
